 Dungeon Crawl Stone Soup version 0.26-a0-812-g31a745ddcd (webtiles) character file.

Game seed: 11476005956954127459

29 kae the Insei (level 3, 0/20 HPs)
             Began as a Tengu Transmuter on Nov 18, 2020.
             Slain by a hobgoblin
             ... wielding a +0 club
              (3 damage)
             ... on level 1 of the Dungeon.
             The game lasted 00:00:36 (1123 turns).

kae the Insei (Tengu Transmuter)                    Turns: 1123, Time: 00:00:36

Health: 0/20       AC:  3    Str: 11    XL:     3   Next: 16%
Magic:  6/7        EV: 12    Int: 13    God:
Gold:   55         SH:  0    Dex: 14    Spells: 6/7 levels left

rFire    . . .     SeeInvis .     - Unarmed
rCold    . . .     Faith    .   (no shield)
rNeg     . . .     Spirit   .   a - +0 robe
rPois    .         Reflect  .   (helmet currently unavailable)
rElec    .         Harm     .   d - +0 cloak
rCorr    .         Rampage  .   (no gloves)
MR       .....                  (boots unavailable)
Stlth    +.........             (no amulet)
HPRegen  0.06/turn              (no ring)
MPRegen  0.10/turn              (no ring)

@: appendages
A: beak, horns 2, talons 3
a: End Transformation


You were on level 1 of the Dungeon.
You had grown temporary horns.
You visited 1 branch of the dungeon, and saw 1 of its levels.

You collected 55 gold pieces.

Inventory:

Armour
 a - a +0 robe (worn)
 d - a +0 cloak (worn)
Jewellery
 e - a cursed +6 ring of intelligence {unknown}
Scrolls
 b - a scroll of identify {unknown}
 f - a scroll of blinking {unknown}
 g - a scroll of magic mapping {unknown}
Potions
 c - a potion of lignification {unknown}


   Skills:
 - Level 1.0 Fighting
 - Level 2.1 Dodging
 + Level 3.5 Unarmed Combat
 * Level 2.5 Spellcasting
 * Level 2.2 Transmutations


You had 6 spell levels left.
You knew the following spells:

 Your Spells              Type           Power        Failure   Level
a - Beastly Appendage     Tmut           #.....       10%         1

Your spell library contained the following spells:

 Spells                   Type           Power        Failure   Level
 Wereblood                Tmut           #.......     14%         2
 Spider Form              Tmut/Pois      #.........   41%         3
 Ice Form                 Ice/Tmut       #.......     83%         4
 Blade Hands              Tmut           #.........   95%         5


Dungeon Overview and Level Annotations

Branches:
Dungeon (1/15)

Altars:


Innate Abilities, Weirdness & Mutations

You have a beak for a mouth.
You have claws for feet.
You have a pair of horns on your head.


Message History

The hobgoblin hits you but does no damage.
You barely miss the hobgoblin. The hobgoblin hits you with a +0 club.
You hit the hobgoblin.
You claw the hobgoblin, but do no damage.
You headbutt the hobgoblin, but do no damage.
The hobgoblin is heavily wounded.
You closely miss the hobgoblin. You claw the hobgoblin.
You peck the hobgoblin, but do no damage.
The hobgoblin is severely wounded.
The hobgoblin hits you with a +0 club.
You hit the hobgoblin but do no damage. Your headbutt misses the hobgoblin.
The hobgoblin is severely wounded.
The hobgoblin hits you with a +0 club.
* * * LOW HITPOINT WARNING * * *
A hobgoblin is nearby!
You hit the hobgoblin but do no damage.
You claw the hobgoblin, but do no damage.
The hobgoblin is severely wounded.
The hobgoblin hits you with a +0 club.
You die...

≈≈≈P♣♣# #..#
≈≈≈≈♣ ##.#
PP≈≈♣ #.##
≈♣♣♣≈ #..#
≈♣ ## ##.##
#..# ##.##
#### #..#
#≈≈≈♣♣ ##@#
♣≈≈P≈P♣##g##
≈≈≈≈≈≈≈≈#..#
≈PP≈≈≈≈P♣..#
......g.?..#
≈P≈≈≈≈≈≈≈..#
♣♣≈≈≈≈≈P≈###
♣≈≈≈≈≈♣##
#♣♣≈♣≈


You could see a hobgoblin.

Vanquished Creatures
  An ooze (D:1)
  2 leopard geckos (D:1)
  6 bats (D:1)
  4 goblins (D:1)
  2 hobgoblins (D:1)
  4 kobolds (D:1)
  A ball python (D:1)
20 creatures vanquished.

Notes
Turn   | Place    | Note
-------+----------+-------------------------------------------
     0 | D:1      | kae the Tengu Transmuter began the quest for the Orb.
     0 | D:1      | Reached XP level 1. HP: 12/12 MP: 4/4
   246 | D:1      | Reached XP level 2. HP: 9/16 MP: 4/6
   822 | D:1      | Reached XP level 3. HP: 15/20 MP: 5/7
  1123 | D:1      | Slain by a hobgoblin

Illustrated notes

Levels and vault maps discovered:
D:1:      sevenhm_arrival_forest_fort_large_4, layout_basic,
          minmay_misc_feat_nine_boxes, serial_bayou_lagoon_b

Skill      XL: |  1  2 |
---------------+-------+-----
Transmutations | 2 |  2.2
Fighting       | |  1.0
Dodging        | |  2.1
Unarmed Combat | |  3.5
Spellcasting   | |  2.5

Action                   || total
-------------------------++-------
Melee: Unarmed           ||    67
       Kick              ||     9
       Headbutt          ||     5
       Peck              ||     7
 Cast: Beastly Appendage ||    10
Armor: Robe              ||    20
Dodge: Dodged            ||    53

Table legend: (Time is in decaauts)
 A = Elapsed time spent in this place.
 B = Non-inter-level travel time spent in this place.
 C = Inter-level travel time spent in this place.
 D = Time resting spent in this place.
 E = Time spent auto-exploring this place.
 F = Levels seen in this place.
 G = Mean time per level.
                   A        B        C        D        E       F      G
               +--------+--------+--------+--------+--------+-----+--------+
         Total |   1119 |   1119 |      0 |      5 |    954 |   1 | 1119.0 |
       Dungeon |   1119 |   1119 |      0 |      5 |    954 |   1 | 1119.0 |
               +--------+--------+--------+--------+--------+-----+--------+

Top non-repeatable levels by time:
     D:1: 1119 daAuts
